 Dungeon Crawl Stone Soup version 0.14-a0-3134-g2c86dbf (webtiles) character file.

132662 Tabbeli the Blocker (level 17, -3/111 HPs)
             Began as a Gargoyle Fighter on Feb 26, 2014.
             Was the Champion of Okawaru.
             Slain by the 27-headed Lernaean hydra (5 damage)
             ... on Level 5 of the Swamp on Mar 8, 2014.
             The game lasted 02:43:22 (32290 turns).

Tabbeli the Blocker (Gargoyle Fighter)             Turns: 32290, Time: 02:43:22

HP  -3/111       AC 29     Str 25      XL: 17   Next:  6%
MP  27/32        EV 13     Int 16      God: Okawaru [******]
Gold 2930        SH 33     Dex  9      Spells:  5 memorised, 20 levels left

rFire  . . .     SeeInvis .     a - +3,+2 flail (crush)
rCold  + + .     Clarity  .     W - +0 troll leather armour
rNeg   + . .     Conserve .     V - +1 shield (curse)
rPois  +         rCorr    .     f - +2 hat {rC+}
rElec  +         rRot     +     x - +2 cloak {+Inv}
SustAb . .       Spirit   .     n - +1 pair of gloves {rC+}
rMut   +         Warding  .     T - +0 pair of boots
Saprov . . .     Rnd*Tele +     g - amulet of resist mutation
MR     +....                    r - ring "Qiusugyado" {+/*Tele Str+5 Dam+5}
                                A - cursed ring of regeneration

@: flying, heroism, somewhat resistant to hostile enchantments, stealthy
A: large and strong wings, life protection 1, regeneration 1, electricity
resistance, unbreathing, petrification resistance, AC +12
a: Stop Flying, Heroism, Finesse, Renounce Religion, Evoke Invisibility, Evoke
Teleportation


You were on level 5 of the Swamp.
You worshipped Okawaru.
Okawaru was exalted by your worship.
You were not hungry.

You visited 5 branches of the dungeon, and saw 34 of its levels.
You also visited: Ice Cave and Volcano.

You collected 2973 gold pieces.
You spent 43 gold pieces at shops.

Inventory:

Hand weapons
 a - a +3,+2 flail of crushing (weapon)
 b - a +1,+2 whip of venom
 J - a +0,+2 whip of flaming
Armour
 f - a +2 hat of cold resistance (worn)
 n - a +1 pair of gloves of cold resistance (worn)
 u - the +2 helmet of Shadows and Fog {rF+ Dam-1 Stlth++}
   (Okawaru gifted it to you on level 5 of the Lair of Beasts)

   It affects your damage with ranged weapons and melee attacks (-1).
   It protects you from fire.
   It makes you much more stealthy.
 x - a +2 cloak of darkness (worn)
 T - a +0 pair of boots (worn)
 V - a cursed +1 shield (worn)
 W - a +0 troll leather armour (worn)
Magical devices
 h - a wand of teleportation (3)
 p - a wand of heal wounds (0)
 t - a wand of fire (0)
 L - a wand of draining (3)
 N - a wand of disintegration (9)
 X - a wand of lightning (1)
 Z - a wand of disintegration (6)
Comestibles
 d - 5 bread rations
Scrolls
 i - a scroll of magic mapping
 j - a scroll of brand weapon
 k - 4 scrolls of remove curse
 l - a scroll of recharging
 s - a scroll of immolation
 C - a scroll of enchant weapon I
 D - a scroll of enchant weapon II
 S - 3 scrolls of teleportation
Jewellery
 c - a +3 ring of intelligence
 e - an uncursed ring of ice
 g - an amulet of resist mutation (around neck)
 m - a +0,+6 ring of slaying
 o - an uncursed amulet of guardian spirit
 r - the ring "Qiusugyado" (right hand) {+/*Tele Str+5 Dam+5}
   (You found it on level 4 of the Swamp)

   [ring of teleportation]

   It affects your strength (+5).
   It affects your damage with ranged weapons and melee attacks (+5).
 w - an uncursed amulet of resist corrosion
 z - an uncursed amulet of faith
 A - a cursed ring of regeneration (left hand)
 M - a +5 ring of strength
 Y - the ring of the Scarab {MR Dam+4 Stlth-}
   (You found it on level 8 of the Lair of Beasts)

   [ring of protection from magic]

   It affects your damage with ranged weapons and melee attacks (+4).
   It makes you much less stealthy.
Potions
 y - 2 potions of restore abilities
 B - 2 potions of might
 G - a potion of heal wounds
 H - a potion of lignification
 K - 3 potions of brilliance
 P - 2 potions of magic
 Q - a potion of berserk rage
 R - 5 potions of curing
 U - a potion of resistance
Books
 E - a book of Necromancy

   Spells                             Type                      Level
   Pain                               Necromancy                   1
   Animate Skeleton                   Necromancy                   1
   Lethal Infusion                    Charms/Necromancy            2
   Vampiric Draining                  Necromancy                   3
   Regeneration                       Charms/Necromancy            3
   Animate Dead                       Necromancy                   4
   Control Undead                     Necromancy                   4
 I - a book of Envenomations

   Spells                             Type                      Level
   Spider Form                        Transmutation/Poison         3
   Poison Weapon                      Charms/Poison                3
   Alistair's Intoxication            Transmutation/Poison         4
   *Olgreb's Toxic Radiance           Poison                       4
   Poisonous Cloud                    Conjuration/Poison/Air       6
Miscellaneous
 q - a disc of storms


   Skills:
 - Level 14.2(19.2) Fighting
 - Level 11.8(16.8) Maces & Flails
 - Level 10.2(15.2) Armour
 - Level 15.0(20.0) Shields
 - Level 8.9 Spellcasting
 - Level 13.0 Conjurations
 - Level 8.6 Fire Magic
 + Level 10.6 Earth Magic


You had 20 spell levels left.
You knew the following spells:

 Your Spells              Type           Power        Failure   Level  Hunger
a - Blink                 Tloc           N/A          17%         2    None
b - Flame Tongue          Conj/Fire      #####        1%          1    None
c - Sticky Flame          Conj/Fire      #####...     1%          4    ###....
d - Stoneskin             Trmt/Erth      ###.......   1%          2    None
e - Olgreb's Toxic Radia  Pois           #.......     91%         4    ###....


Dungeon Overview and Level Annotations

Branches:
Dungeon (16/16)            Temple (1/1) D:5             Orc (4/4) D:9
    Elf (0/3) Orc:4          Lair (8/8) D:9           Swamp (5/5) Lair:3
  Snake (0/5) Lair:3        Slime (0/6) Lair:7       Vaults (0/5) D:15
 Depths (0/6) D:16

Altars:
Ashenzari
Cheibriados
Dithmenos
Elyvilon
Fedhas
Kikubaaqudgha
Makhleb
Nemelex Xobeh
Okawaru
Sif Muna
Trog
Vehumet
Xom
Yredelemnul
Zin
The Shining One
Beogh

Shops:
D:8 [   D:9 %   D:13 [   D:16 x   Orc:4 (

Annotations:
D:10 Psyche
Swamp:5 Lernaean hydra


Innate Abilities, Weirdness & Mutations

You are resistant to torment.
You are immune to poison.
You can fly continuously.
Your stone body is very resilient (AC +12).
Your wings are large and strong.
You resist negative energy.
You are resistant to electric shocks.
You can survive without breathing.
You are immune to petrification.
Your natural rate of healing is unusually fast.


Message History

You block the 27-headed Lernaean hydra's attack.
The 27-headed Lernaean hydra bites you but does no damage.
The 27-headed Lernaean hydra bites you!
* * * LOW HITPOINT WARNING * * *
The 27-headed Lernaean hydra bites you!
* * * LOW HITPOINT WARNING * * *
You block the 27-headed Lernaean hydra's attack.
The 27-headed Lernaean hydra misses you.
The 27-headed Lernaean hydra bites you but does no damage.
The 27-headed Lernaean hydra barely misses you.
The 27-headed Lernaean hydra bites you.
* * * LOW HITPOINT WARNING * * *
You block the 27-headed Lernaean hydra's attack.
The 27-headed Lernaean hydra bites you but does no damage.
The 27-headed Lernaean hydra bites you!
* * * LOW HITPOINT WARNING * * *
The 27-headed Lernaean hydra bites you but does no damage.
The 27-headed Lernaean hydra misses you.
The 27-headed Lernaean hydra bites you.
You die...

..≈≈.f§§n§DDvP≈.F.
..≈.f≈.lDDDPnD≈.≈.
#≈8f8%8nDnlt8.8.8
......!(FPF§%..≈≈
####+#Ff≈nDP.#+####
+.(...8.+....##
#.......#.....#
#.8.≈§8≈#..D..# ≈≈≈
#..@.?# ##..?##
#####


You could see the 27-headed Lernaean hydra (burning).

Vanquished Creatures
  Rupert (D:15)
  A fire giant (D:16)
  Donald (D:15)
  Maud (Lair:8)
  A stone giant (Orc:4)
  2 blizzard demons (IceCv)
  Fannar (D:10)
  14 hydras
  A shambling mangrove (Swamp:3)
  9 alligators
  Erica (D:10)
  2 ogre magi (D:16)
  A rakshasa (D:16)
  5 death yaks
  A spriggan druid (Swamp:5)
  2 centaur warriors
  Nergalle (D:11)
  A catoblepas (Lair:7)
  A skeletal warrior (D:15)
  4 swamp dragons
  3 unseen horrors
  An orc knight (Orc:2)
  5 ice devils (IceCv)
  An ice statue (IceCv)
  Erolcha (Orc:4)
  4 hill giants
  An orc sorcerer (Orc:3)
  A griffon (Lair:8)
  A cyclops (D:11)
  2 black mambas
  4 elephants
  A manticore (D:15)
  Maurice (D:13)
  A feature mimic (D:9)
  A red wasp (Swamp:3)
  32 spiny frogs
  A centaur zombie (D:12)
  A merfolk (D:10)
  8 blue devils (IceCv)
  A queen bee (Lair:1)
  A centaur skeleton (D:13)
  A redback zombie (D:16)
  6 komodo dragons
  A fire drake (Lair:8)
  6 giant fireflies
  9 giant leeches
  7 spriggans
  A hydra zombie (D:16)
  6 trolls
  4 two-headed ogres (D:16)
  28 blink frogs
  2 hydra skeletons
  Prince Ribbit (Orc:1)
  A boulder beetle (Lair:8)
  A grizzly bear (Lair:5)
  13 bog bodies
  The ghost of yokelz the Covert, an average SpEn (D:7)
  2 thorn lotuses
  14 slime creatures
  2 ravens (Swamp:3)
  A red wasp zombie (D:16)
  4 brown oozes (Lair:7)
  7 baby alligators
  58 yaks
  4 shadows
  3 basilisks
  25 ugly things
  10 hippogriffs
  2 elephant slugs
  9 sharks
  Eustachio (Orc:2)
  A trapdoor spider (D:15)
  11 humans (D:15)
  A hill giant skeleton (D:14)
  A fire elemental (Volcano)
  12 vampire mosquitoes
  3 wraiths
  A steam dragon (D:9)
  4 wolves (Lair:7)
  A necrophage (D:10)
  Menkaure (D:5)
  4 hungry ghosts
  5 nagas (Lair:3)
  19 swamp worms
  22 orc warriors
  17 porcupines
  A mottled dragon (D:14)
  A sky beast (D:8)
  7 swamp drakes
  8 giant goldfish
  3 phantoms
  13 ice beasts
  4 yellow wasps
  19 crocodiles
  A boring beetle (Lair:7)
  A warg (Orc:1)
  15 ogres
  5 centaurs
  4 big kobolds
  A brain worm (D:15)
  7 giant slugs
  28 water moccasins
  32 giant frogs
  A cyclops zombie (D:11)
  A komodo dragon skeleton (D:9)
  A removed MONS_AGATE_SNAIL (D:9)
  17 insubstantial wisps
  29 killer bees
  6 jellies
  2 eyes of draining
  2 hippogriff zombies
  3 troll zombies
  A yak zombie (D:8)
  13 wights
  7 electric eels
  A goliath beetle (D:12)
  9 crimson imps
  3 troll skeletons
  A yellow wasp zombie (D:10)
  16 big fish
  A giant frog zombie (D:8)
  Crazy Yiuf (D:3)
  33 orc priests
  A giant frog skeleton (D:13)
  9 hounds
  16 iguanas
  2 quasits
  A water moccasin skeleton (D:6)
  2 spectral orcs (D:11)
  A black bear skeleton (D:5)
  32 orc wizards
  6 scorpions
  10 worker ants
  Ijyb (D:3)
  3 sheep
  A hound zombie (D:9)
  3 mummies
  7 gnolls
  41 green rats
  33 adders
  A removed MONS_GIANT_CENTIPEDE (D:9)
  A giant mite (D:5)
  5 white imps (IceCv)
  7 worms
  6 ufetubi (IceCv)
  An adder zombie (D:5)
  A giant eyeball (D:12)
  2 oozes
  5 giant geckos
  209 orcs
  21 bats
  7 giant cockroaches
  16 hobgoblins
  18 jackals
  29 kobolds
  9 quokkas
  A ball python (D:1)
  9 giant newts
  2 giant spores
  27 goblins
  2 illusory rakshasas (D:16)
  A kobold skeleton (D:4)
  22 rats
  11 ballistomycetes
1336 creatures vanquished.

Vanquished Creatures (collateral kills)
  A yak (Lair:1)
  A sheep (Lair:1)
2 creatures vanquished.

Vanquished Creatures (others)
  5 hydras (Swamp:5)
  5 swamp dragons (Swamp:5)
  A red wasp (Swamp:5)
  9 bog bodies (Swamp:5)
  5 blink frogs (Swamp:5)
  5 humans (D:15)
  4 swamp drakes (Swamp:5)
  An ogre (D:16)
  2 insubstantial wisps (Swamp:5)
  A worker ant (D:11)
  2 white imps (IceCv)
  4 ufetubi (IceCv)
  An orc (D:9)
  2 jackals (Lair:1)
  A giant spore (D:11)
  A rat (D:9)
  A ballistomycete (D:11)
  2 bushes (Swamp:5)
  14 fungi
  10 plants
76 creatures vanquished.

Grand Total: 1414 creatures vanquished

Notes
Turn   | Place    | Note
--------------------------------------------------------------
     0 | D:1      | Tabbeli, the Gargoyle Fighter, began the quest for the Orb.
     0 | D:1      | Reached XP level 1. HP: 14/14 MP: 1/1
    88 | D:1      | Reached XP level 2. HP: 13/19 MP: 2/2
   209 | D:1      | Found a snail-covered altar of Cheibriados.
   509 | D:2      | Reached XP level 3. HP: 20/23 MP: 3/3
  1012 | D:2      | Found a bloodstained altar of Trog.
  1018 | D:2      | Reached skill level 4 in Fighting
  1163 | D:3      | Reached XP level 4. HP: 29/29 MP: 4/4
  1270 | D:3      | Noticed a water moccasin
  1284 | D:3      | Killed a water moccasin
  1284 | D:3      | Reached XP level 5. HP: 22/33 MP: 5/5
  1314 | D:3      | Noticed Ijyb
  1341 | D:3      | Killed Ijyb
  1548 | D:3      | Noticed Crazy Yiuf
  1560 | D:3      | Killed Crazy Yiuf
  1956 | D:4      | Reached XP level 6. HP: 19/39 MP: 6/6
  1982 | D:4      | Noticed a centaur
  1998 | D:4      | Killed a centaur
  2293 | D:4      | Reached skill level 5 in Fighting
  2570 | D:4      | Got a bloodstained robe
  2581 | D:4      | Identified the +2 robe of Dithmenos' Reproof {Int+3 Acc-1} (You found it on level 4 of the Dungeon)
  2615 | D:4      | Reached skill level 5 in Maces & Flails
  2632 | D:4      | Reached XP level 7. HP: 40/44 MP: 7/7
  2882 | D:5      | Entered Level 5 of the Dungeon
  2954 | D:5      | Reached skill level 5 in Armour
  2963 | D:5      | Found a staircase to the Ecumenical Temple.
  3007 | Temple   | Entered the Ecumenical Temple
  3167 | D:5      | Reached skill level 5 in Shields
  3168 | D:5      | Noticed Menkaure
  3335 | D:5      | Killed Menkaure
  3669 | D:5      | Reached skill level 6 in Maces & Flails
  3771 | D:5      | Reached XP level 8. HP: 49/51 MP: 8/8
  4665 | D:6      | Reached skill level 7 in Maces & Flails
  4998 | D:6      | Found a basalt altar of Yredelemnul.
  5106 | D:7      | Noticed yokelz's ghost (average SpEn)
  5130 | D:7      | Killed yokelz's ghost
  5130 | D:7      | Reached skill level 8 in Maces & Flails
  5189 | D:7      | Reached XP level 9. HP: 48/57 MP: 9/9
  5502 | D:7      | Reached skill level 9 in Maces & Flails
  5588 | D:7      | Found an iron altar of Okawaru.
  5593 | D:7      | Became a worshipper of Warmaster Okawaru
  6180 | D:8      | Found a radiant altar of Vehumet.
  6284 | D:8      | Found Chemaxto's Antique Armour Emporium.
  6293 | D:8      | Acquired Okawaru's first power
  6341 | D:8      | Bought a pair of boots for 43 gold pieces
  6403 | D:8      | Reached skill level 10 in Maces & Flails
  6642 | D:8      | Reached XP level 10. HP: 64/64 MP: 10/10
  6793 | D:9      | Found a white marble altar of Elyvilon.
  6804 | D:9      | Found Baiman's Food Shop.
  7044 | D:9      | Found a staircase to the Lair.
  7080 | D:9      | Noticed a death yak
  7122 | D:9      | Reached skill level 11 in Maces & Flails
  7145 | D:9      | Killed a death yak
  7250 | D:9      | Noticed an elephant
  7281 | D:9      | Killed an elephant
  7448 | D:9      | Found a staircase to the Orcish Mines.
  7886 | D:9      | Found a roughly hewn altar of Beogh.
  7965 | D:9      | Reached XP level 11. HP: 66/72 MP: 11/11
  8092 | D:10     | Entered Level 10 of the Dungeon
  8101 | D:10     | Noticed Psyche
  8154 | D:10     | Reached skill level 10 in Fighting
  8222 | D:10     | Noticed Erica
  8354 | D:10     | Killed Erica
  8354 | D:10     | Reached skill level 10 in Armour
  8588 | D:10     | Found a shattered altar of Ashenzari.
  8593 | D:10     | Saw a vision of the Swamp and the Snake Pit.
  8593 | D:10     | Noticed an alligator
  8593 | D:10     | Noticed an alligator
  8593 | D:10     | Noticed an alligator
  8595 | D:10     | Noticed a shock serpent
  8595 | D:10     | Noticed a mana viper
  8869 | D:10     | Noticed Fannar
  8905 | D:10     | Killed Fannar
  9133 | D:11     | Noticed a hill giant
  9217 | Orc:1    | Entered Level 1 of the Orcish Mines
  9462 | Orc:1    | Noticed Prince Ribbit
  9501 | Orc:1    | Killed Prince Ribbit
  9694 | Orc:1    | Found a roughly hewn altar of Beogh.
  9886 | Orc:2    | Noticed Eustachio
  9896 | Orc:2    | Reached skill level 12 in Fighting
  9942 | Orc:2    | Killed Eustachio
  9971 | Orc:2    | Acquired Okawaru's second power
 10295 | Orc:3    | Noticed an orc knight
 10358 | Orc:2    | Killed an orc knight
 11007 | Orc:3    | Upgraded the game from 0.14-a0-2810-g474977d to 0.14-a0-2848-g1d0399b
 11167 | Orc:4    | Entered Level 4 of the Orcish Mines
 11167 | Orc:4    | Found a roughly hewn altar of Beogh.
 11188 | Orc:4    | Reached skill level 13 in Fighting
 11230 | Orc:4    | Received a gift from Okawaru
 11261 | Orc:4    | Noticed a stone giant
 11579 | Orc:3    | Reached XP level 12. HP: 44/84 MP: 12/12
 11763 | Orc:4    | Found Grekheno's Weapon Shop.
 11829 | Orc:4    | Killed a stone giant
 11835 | Orc:4    | Noticed Erolcha
 11851 | Orc:4    | Killed Erolcha
 11851 | Orc:4    | Reached skill level 14 in Fighting
 11940 | Orc:4    | Found a staircase to the Elven Halls.
 12147 | Orc:4    | Noticed an orc high priest
 12307 | Lair:1   | Entered Level 1 of the Lair of Beasts
 12320 | Lair:1   | Reached skill level 1 in Spellcasting
 12355 | Lair:1   | Learned a level 2 spell: Blink
 13123 | Lair:1   | Noticed a death yak
 13370 | Lair:1   | Received a gift from Okawaru
 13439 | Lair:1   | Reached skill level 5 in Spellcasting
 13753 | Lair:2   | Learned a level 1 spell: Flame Tongue
 13864 | Lair:2   | Reached skill level 1 in Conjurations
 14857 | Lair:3   | Reached XP level 13. HP: 90/90 MP: 28/28
 15101 | Lair:3   | Reached skill level 5 in Conjurations
 15112 | Lair:3   | Found a staircase to the Swamp.
 15440 | Lair:3   | Found a staircase to the Snake Pit.
 16486 | Lair:4   | Gained mutation: Your natural rate of healing is unusually fast. [potion of beneficial mutation]
 17045 | Lair:5   | Learned a level 4 spell: Sticky Flame
 17178 | Lair:5   | Reached skill level 1 in Fire Magic
 17573 | Lair:5   | Found a dark tunnel.
 17619 | Lair:5   | Received a gift from Okawaru
 17625 | Lair:5   | Got a heavily runed helmet {god gift}
 17628 | Lair:5   | Identified the +2 helmet of Shadows and Fog {rF+ Dam-1 Stlth++} (Okawaru gifted it to you on level 5 of the Lair of Beasts)
 17647 | Volcano  | Entered a volcano
 18350 | Lair:6   | Got a distressingly furry ring mail
 18361 | Lair:6   | Identified the +2 ring mail of Joosoi Laore {rElec} (You found it on level 6 of the Lair of Beasts)
 18376 | Lair:6   | Got a jade-studded chain mail
 18386 | Lair:6   | Identified the cursed -9 chain mail of Enepom {+Inv rN+ MR+} (You found it on level 6 of the Lair of Beasts)
 19386 | Lair:7   | Found a staircase to the Slime Pits.
 20091 | Lair:7   | Reached skill level 5 in Fire Magic
 20111 | Lair:7   | Gained mutation: Your wings are large and strong. [gargoyle growth]
 20111 | Lair:7   | Reached XP level 14. HP: 66/96 MP: 23/30
 20403 | Lair:7   | Received a gift from Okawaru
 20404 | Lair:7   | Got a heavily jewelled robe {god gift}
 20412 | Lair:7   | Identified the -4 robe "Veotas" {rN+ Int+2} (Okawaru gifted it to you on level 7 of the Lair of Beasts)
 20536 | Lair:8   | Entered Level 8 of the Lair of Beasts
 20710 | Lair:7   | Reached skill level 10 in Conjurations
 21162 | Lair:8   | Noticed Maud
 21269 | Lair:8   | Killed Maud
 21927 | Lair:8   | Got a pitted iron ring
 22040 | Lair:8   | Identified the ring of the Scarab {MR Dam+4 Stlth-} (You found it on level 8 of the Lair of Beasts)
 22427 | Lair:8   | Learned a level 2 spell: Stoneskin
 22480 | Lair:8   | Reached skill level 1 in Earth Magic
 23003 | Lair:1   | Killed a death yak
 23025 | Lair:1   | Received a gift from Okawaru
 23250 | D:11     | Killed a hill giant
 23504 | D:11     | Noticed Nergalle
 23531 | D:11     | Killed Nergalle
 23976 | D:12     | Reached XP level 15. HP: 91/100 MP: 31/31
 24104 | D:12     | Paralysed by a giant eyeball for 3 turns
 24112 | D:12     | Paralysed by a giant eyeball for 2 turns
 24267 | D:12     | Learned a level 4 spell: Olgreb's Toxic Radiance
 24584 | D:13     | Received a gift from Okawaru
 24591 | D:13     | Got a crude leather armour {god gift}
 24641 | D:13     | Identified the +4 leather armour "Ciptitak" {Str+1 Int+1 Acc-6} (Okawaru gifted it to you on level 13 of the Dungeon)
 24813 | D:13     | Noticed Maurice
 24831 | D:13     | Killed Maurice
 24835 | D:13     | Reached skill level 10 in Shields
 24954 | D:13     | Found a sparkling altar of Nemelex Xobeh.
 24977 | D:13     | Found Lasuce's Antique Armour Shop.
 25824 | D:15     | Entered Level 15 of the Dungeon
 25824 | D:15     | Found a gate to the Vaults.
 25824 | D:15     | Noticed Rupert
 25824 | D:15     | Noticed Donald
 25867 | D:15     | Killed Rupert
 25933 | D:15     | Killed Donald
 26493 | D:16     | Entered Level 16 of the Dungeon
 26526 | D:16     | Found Blunu's Gadget Shoppe.
 26665 | D:16     | Received a gift from Okawaru
 26718 | D:16     | Found an ancient bone altar of Kikubaaqudgha.
 27063 | D:16     | Noticed a fire giant
 27094 | D:16     | Killed a fire giant
 27120 | D:16     | Found a staircase to the Depths.
 27671 | Swamp:1  | Entered Level 1 of the Swamp
 27705 | Swamp:1  | Upgraded the game from 0.14-a0-2848-g1d0399b to 0.14-a0-2881-g20de702
 27847 | Swamp:1  | Received a gift from Okawaru
 27909 | Swamp:1  | Reached XP level 16. HP: 83/106 MP: 19/32
 28497 | Swamp:2  | Reached skill level 15 in Shields
 29130 | Swamp:3  | Received a gift from Okawaru
 29276 | Swamp:3  | Upgraded the game from 0.14-a0-2881-g20de702 to 0.14-a0-2888-g61d0ccb
 29515 | Swamp:3  | Upgraded the game from 0.14-a0-2888-g61d0ccb to 0.14-a0-2986-gd1872aa
 29559 | Swamp:3  | Reached skill level 5 in Earth Magic
 30032 | Swamp:4  | Found a frozen archway.
 30033 | Swamp:4  | Upgraded the game from 0.14-a0-2986-gd1872aa to 0.14-a0-3109-ga7442b6
 30242 | IceCv    | Entered an ice cave
 30866 | Swamp:4  | Got a steaming platinum ring
 31011 | Swamp:4  | Upgraded the game from 0.14-a0-3109-ga7442b6 to 0.14-a0-3134-g2c86dbf
 31630 | Swamp:5  | Entered Level 5 of the Swamp
 32056 | Swamp:5  | Identified the ring "Qiusugyado" {+/*Tele Str+5 Dam+5} (You found it on level 4 of the Swamp)
 32074 | Swamp:5  | Reached skill level 10 in Earth Magic
 32074 | Swamp:5  | Reached XP level 17. HP: 71/111 MP: 23/32
 32285 | Swamp:5  | Noticed the 27-headed Lernaean hydra
 32290 | Swamp:5  | HP: 2/111 [the 27-headed Lernaean hydra (9)]
 32290 | Swamp:5  | Slain by the 27-headed Lernaean hydra

Action                   |  1- 3 |  4- 6 |  7- 9 | 10-12 | 13-15 | 16-18 || total
-------------------------+-------+-------+-------+-------+-------+-------++-------
Melee: Mace              |   112 |   218 |   204 |   283 |   364 |       ||  1181
       Flail             |       |    40 |   555 |     7 |  1056 |   612 ||  2270
       Whip              |       |       |       |  2297 |  1937 |    22 ||  4256
Throw: Throwing net      |       |     1 |       |       |       |       ||     1
 Cast: Sticky Flame      |       |       |       |       |   122 |   130 ||   252
       Stoneskin         |       |       |       |       |     8 |     3 ||    11
       Blink             |       |       |       |       |     1 |       ||     1
Invok: Heroism           |       |       |       |     8 |     7 |     2 ||    17
       Finesse           |       |       |       |       |       |     1 ||     1
 Abil: Fly               |       |       |       |       |     1 |     1 ||     2
Evoke: Wand              |       |       |     4 |    17 |    30 |    12 ||    63
       Disc of storms    |       |       |       |       |     6 |       ||     6
  Use: Scroll            |       |     5 |     2 |    16 |    19 |     9 ||    51
       Potion            |       |     1 |     7 |    10 |     5 |     1 ||    24
 Stab: Confused          |       |       |       |     5 |       |       ||     5
       Invisible         |       |       |       |     4 |     4 |       ||     8
       Paralysed         |       |       |       |       |     2 |       ||     2
